 Dungeon Crawl Stone Soup version 0.27.0-65-ge2af304b15 (webtiles) character file.

Game seed: 1132835743422872836

130 Malachi the Chiller (level 4, -9/45 HPs)
             Began as a Demonspawn Ice Elementalist on Aug 17, 2021.
             Killed by divine providence
             ... invoked by an orc priest
              (11 damage)
             ... on level 3 of the Dungeon.
             The game lasted 00:03:34 (1641 turns).

Malachi the Chiller (Demonspawn Ice Elementalist)   Turns: 1641, Time: 00:03:35

Health: -9/45      AC:  4    Str:  8    XL:     4   Next: 89%
Magic:  1/8        EV: 12    Int: 18    God:
Gold:   71         SH:  0    Dex: 13    Spells: 4/8 levels left

rFire    . . .     SeeInvis .   c - +0 dagger
rCold    . . .     Faith    .   (no shield)
rNeg     . . .     Spirit   .   a - +0 robe
rPois    .         Reflect  .   (no helmet)
rElec    .         Harm     .   b - +0 cloak
rCorr    .         Rampage  .   (no gloves)
Will     .....                  j - +0 pair of boots
Stlth    ..........             (no amulet)
HPRegen  0.15/turn              (no ring)
MPRegen  0.11/turn              (no ring)

@: berserking, very slightly contaminated, very quick
A: ignite blood 1, sturdy frame 1
a: no special abilities


You were on level 3 of the Dungeon.
You visited 1 branch of the dungeon, and saw 4 of its levels.

You collected 71 gold pieces.

Inventory:

Hand Weapons
 c - a +0 dagger (weapon)
Missiles
 d - 5 boomerangs
Armour
 a - a +0 robe (worn)
 b - a +0 cloak (worn)
 j - a +0 pair of boots (worn)
Jewellery
 e - a ring of flight
 i - a ring of resist corrosion
Scrolls
 f - a scroll of teleportation {unknown}
 h - 2 scrolls of identify {unknown}
Potions
 k - a potion of curing {unknown}


   Skills:
 + Level 0.3 Short Blades
 + Level 2.0 Dodging
 + Level 1.9 Stealth
 + Level 2.7 Spellcasting
 * Level 5.1 Ice Magic


You had 4 spell levels left.
You knew the following spells:

 Your Spells              Type           Power      Damage    Failure   Level
a - Freeze                Ice            80%        1d9       1%          1
b - Frozen Ramparts       Ice            40%        1d6       6%          3

Your spell library contained the following spells:

 Spells                   Type           Power      Damage    Failure   Level
 Ozocubu's Armour         Ice            20%        N/A       6%          3
 Static Discharge         Conj/Air       2%         N/A       26%         2
 Hailstorm                Conj/Ice       11%        3d5       50%         4
 Lightning Bolt           Conj/Air       1%         1d12      99%         5
 Maxwell's Capacitive Co  Air            1%         ∞         100%        8


Dungeon Overview and Level Annotations

Branches:
Dungeon (4/15)
 Temple: D:4-7

Altars:
Gozag
Ru

Shops:
D:2 ?


Innate Abilities, Weirdness & Mutations

Your demonic aura sometimes causes spilled blood to erupt in flames.
Your movements are slightly less encumbered by armour. (ER -2)


Message History

Your Ice Magic skill increases to level 5!
Unknown command.
The wall freezes the orc. x2
The wall freezes the orc.
You kill the orc!
The wall freezes the orc.
You kill the orc!
The wall freezes the orc.
The frozen ramparts melt away.
The orc completely misses you. The orc barely misses you.
Casting: Freeze (safe; 1% risk of failure)
Confirm with . or Enter, or press ? or * to list all spells.
Casting: Frozen Ramparts (dangerous; 6% risk of failure)
Press: ? - help, Dir - look around, f - activate You miscast Frozen Ramparts.
You are very lightly contaminated with residual magic.
Nothing appears to happen.
Unknown command.
Casting: Frozen Ramparts (dangerous; 6% risk of failure)
Confirm with . or Enter, or press ? or * to list all spells.
You don't have enough magic to cast this spell.
Unknown command.
You aren't carrying any items that you can evoke.
Unknown command.
The orc priest hits you with a +0 flail.
The orc hits you with a +0 club.
Items here: )) [ †.
You hit the orc priest but do no damage.
The orc priest hits you with a +0 flail.
* * * LOW HITPOINT WARNING * * *
The orc hits you with a +0 club.
* * * LOW HITPOINT WARNING * * *
Unknown command.
Okay, then.
It was a potion of berserk rage.
A red film seems to cover your vision as you go berserk!
You feel yourself moving faster!
You feel mighty!
The orc priest invokes the aid of Beogh against you.
Beogh smites you!
You die...

+......o...#
####..oo......#
#......o#'#
#.###.#o#.#
..#.###.....#
............#
##.###.###.#
#.###.# ##.).@o#
.#######...o###
.......'....+
############....##
†..####.....†....#
...'..............#
...####.###########
....# #.# ....# #.#


You could see an orc priest and an orc.

Vanquished Creatures
  An orc priest (D:3)
  An orc wizard (D:3)
  3 adders (D:2)
  2 dart slugs (D:2)
  4 orcs (D:3)
  4 endoplasms
  4 goblins
  2 hobgoblins
  6 jackals
  A kobold (D:1)
  7 ball pythons
  3 bats
  3 rats
41 creatures vanquished.

Notes
Turn   | Place    | Note
-------+----------+-------------------------------------------
     0 | D:1      | Malachi the Demonspawn Ice Elementalist began the quest for
                  | the Orb.
     0 | D:1      | Reached XP level 1. HP: 13/13 MP: 3/3
   391 | D:1      | You fall into a shaft and drop 1 floor!
   419 | D:2      | Reached skill level 4 in Ice Magic
   419 | D:2      | Gained mutation: Your movements are slightly less
                  | encumbered by armour. (ER -2) [demonic ancestry]
   419 | D:2      | Reached XP level 2. HP: 19/19 MP: 1/5
   457 | D:2      | Gained mutation: Your demonic aura sometimes causes spilled
                  | blood to erupt in flames. [demonic ancestry]
   457 | D:2      | Reached XP level 3. HP: 9/24 MP: 1/6
   809 | D:2      | Learned a level 3 spell: Frozen Ramparts
   831 | D:2      | Found an opulent altar of Gozag.
   831 | D:2      | Found Iraer's Magic Scroll Shop.
  1245 | D:2      | You fall into a shaft and drop 2 floors!
  1438 | D:3      | Reached XP level 4. HP: 24/30 MP: 3/7
  1522 | D:3      | Found a sacrificial altar of Ru.
  1633 | D:3      | Reached skill level 5 in Ice Magic
  1640 | D:3      | HP: 1/30 [orc (4)]
  1641 | D:3      | Killed from afar by an orc priest

Illustrated notes

Levels and vault maps discovered:
D:1:      amcnicky_arrival_feature_with_door, layout_loops_cross, serial_shops,
          nicolae_shop_temple_entry_statues_fountains,
          hellmonk_ecumenical_altar_defaced_shrine
D:2:      layout_basic, basic_altar, serial_shops,
          nicolae_shop_competitors_out_of_business
D:3:      layout_basic, lemuel_tele_altar, kennysheep_generic_room_15
D:4:      layout_rooms, fedhas_altar_decomposition,
          minmay_temple_entry_statues_fountains, uniq_sigmund

Skill      XL: |  1  2  3  4 |
---------------+-------------+-----
Ice Magic      | 4 5 |  5.1
Dodging        | 2 |  2.0
Short Blades   | |  0.3
Stealth        | |  1.9
Spellcasting   | |  2.7

Action                   |  1- 3 |  4- 6 || total
-------------------------+-------+-------++-------
Melee: Dagger            |    37 |     3 ||    40
 Cast: Freeze            |    39 |     2 ||    41
       Frozen Ramparts   |     2 |     1 ||     3
  Use: Potion            |       |     1 ||     1
 Stab: Sleeping          |     1 |     2 ||     3
Armor: Robe              |    15 |       ||    15
Dodge: Dodged            |    45 |     4 ||    49
